 Dungeon Crawl Stone Soup version 5.6-49-g8abd877 (webtiles) character file.

48 shoop the Cudgeler (level 4, -9/49 HPs)
             Began as a Titan Skald on Nov 19, 2018.
             Mangled by Sigmund (12 damage)
             ... on level 3 of the Dungeon.
             The game lasted 00:02:29 (1342 turns).

shoop the Cudgeler (Titan Skald)                    Turns: 1342, Time: 00:02:30

Health: -9/49      AC:  5 (0%)Str: 19   XL:     4   Next: 39%
Magic:  0/2        EV: 10    Int: 16    God:
Gold:   107        SH:  0    Dex: 13    Spells: 4/8 levels left

rFire    . . .     SeeInvis .   a - +0 mace
rCold    . . .     Faith    .   (no shield)
rNeg     . . .     Spirit   .   b - +0 robe
rPois    .         Reflect  .   (helmet restricted)
rElec    +                      (no cloak)
rCorr    .                      (gloves unavailable)
MR       .....                  (boots unavailable)
Stlth    +.........             (no amulet)
Regen    0.6/turn               k - +3 ring of protection
MPRegen  0.2/turn               e - +6 ring of slaying

@: regenerating
A: unfitting armour, high mp 1, electricity resistance
a: End Regeneration, End Infusion


You were on level 3 of the Dungeon.
You were not hungry.

You visited 1 branch of the dungeon, and saw 3 of its levels.

You collected 107 gold pieces.

Inventory:

Hand Weapons
 a - a +0 mace (weapon)
Missiles
 l - 57 tomahawks (quivered)
 m - 49 large rocks
Armour
 b - a +0 robe (worn)
Jewellery
 c - an uncursed ring of protection from magic
 e - a +6 ring of slaying (right hand)
 g - an uncursed ring of resist corrosion
 j - an uncursed ring of poison resistance
 k - a +3 ring of protection (left hand)
Wands
 n - a wand of iceblast (3)
Scrolls
 d - 2 scrolls of enchant weapon
 f - a scroll of magic mapping
 i - a scroll of immolation
Potions
 h - 2 potions of resistance


   Skills:
 + Level 4.5 Fighting
 + Level 5.0 Maces & Staves
 - Level 1.3 Dodging
 - Level 3.6 Charms


You had 4 spell levels left.
You knew the following spells:

 Your Spells              Type           Power        Failure   Level  Hunger
a - Infusion              Chrm           11 (25)      6%          1    N/A
b - Regeneration          Chrm/Necr      5 (200)      36%         3    N/A

Your spell library contained the following spells:

 Spells                   Type           Power        Failure   Level  Hunger
 Ozocubu's Armour         Chrm/Ice       5 (100)      77%         4    N/A
 Song of Slaying          Chrm           11 (100)     9%          2    N/A
 Spectral Weapon          Chrm/Summ      5 (100)      98%         5    N/A

Dungeon Overview and Level Annotations

Branches:
Dungeon (3/15)

Annotations:
D:3 Sigmund


Innate Abilities, Weirdness & Mutations

You are too large for most types of armour.
You have an increased reservoir of magic. (+10% MP)
You are resistant to electric shocks. (rElec)


Message History

You feel sick.
You are no longer poisoned.
Sigmund misses you. The kobold barely misses you.
The kobold closely misses you. Sigmund gestures at you while chanting.
You resist with some effort.
You sock Sigmund (7)!
Sigmund is severely wounded.
Sigmund closely misses you. The kobold closely misses you.
You closely miss Sigmund.
Sigmund is severely wounded.
Sigmund points at you and mumbles some strange words.
The puff of flame hits you!
That hurt (2)!
* * * LOW HITPOINT WARNING * * *
The kobold hits you but does no damage.
Unknown command.
You hit Sigmund (7)!
Sigmund is almost dead.
Sigmund hits you (12)!
You die...

.. #...#####.#
..#.........#
.#.#.......# .
........... ..#
........
....##.....####
........K......
#.@@..# #.....#
#.....# #.....#
#.=...# #.....#
##....# #....#
.......


You could see Sigmund and a kobold.

Vanquished Creatures
  A worker ant (D:3)
  An adder (D:2)
  2 dart slugs (D:1)
  5 quokkas (D:1)
  A ball python (D:1)
  2 giant cockroaches (D:1)
  13 goblins
  5 hobgoblins
  A jackal (D:2)
  4 bats
  5 frilled lizards
  6 kobolds
  5 rats
51 creatures vanquished.

Notes
Turn   | Place    | Note
-------+----------+-------------------------------------------
     0 | D:1      | shoop the Titan Skald began the quest for the Orb.
     0 | D:1      | Reached XP level 1. HP: 22/22 MP: 4/4
    34 | D:1      | Reached skill level 3 in Maces & Staves
    54 | D:1      | Reached XP level 2. HP: 16/31 MP: 0/5
   544 | D:1      | Reached XP level 3. HP: 30/39 MP: 5/7
   548 | D:1      | Reached skill level 4 in Maces & Staves
   833 | D:2      | Found a glowing silver altar of Zin.
   874 | D:2      | Found a faded altar of an unknown god.
  1096 | D:2      | Found a radiant altar of Vehumet.
  1099 | D:2      | Reached XP level 4. HP: 48/48 MP: 6/9
  1104 | D:2      | Learned a level 3 spell: Regeneration
  1107 | D:2      | Found an opulent altar of Gozag.
  1192 | D:2      | Found a shimmering altar of Xom.
  1329 | D:3      | Noticed Sigmund
  1336 | D:3      | Reached skill level 5 in Maces & Staves
  1341 | D:3      | HP: 2/49 [Sigmund/puff of flame (2)]
  1342 | D:3      | Mangled by Sigmund

Skill      XL: |  1  2  3  4 |
---------------+-------------+-----
Maces & Staves | 3 4 5 |  5.0
Fighting       | 3 4 |  4.5
Dodging        | |  1.3
Charms         | |  3.6

Action                   |  1- 3 |  4- 6 || total
-------------------------+-------+-------++-------
Melee: Mace              |    83 |    18 ||   101
 Cast: Infusion          |     1 |       ||     1
       Regeneration      |       |     1 ||     1
 Stab: Sleeping          |     3 |       ||     3
Armor: Robe              |    20 |     4 ||    24
Dodge: Dodged            |    35 |    16 ||    51
